 Dungeon Crawl Stone Soup version 0.28-a0-998-gb9e9c7b67e (webtiles) character file.

Game seed: 5435167204585535656

401 DrunkBamboolord the Chopper (level 6, -8/51 HPs)
             Began as a Palentonga Fighter on Dec 6, 2021.
             Succumbed to a scorpion's poison
             ... in an ossuary.
             The game lasted 00:06:20 (3012 turns).

DrunkBamboolord the Chopper (Palentonga Fighter)    Turns: 3012, Time: 00:06:21

Health: -8/51      AC:  7    Str: 21    XL:     6   Next: 54%
Magic:  6/6        EV:  7    Int:  9    God:
Gold:   97         SH:  4    Dex:  9    Spells: 5/5 levels left

rFire   . . .      SeeInvis +   a - +1 war axe
rCold   . . .      Faith    .   c - +0 buckler
rNeg    . . .      Spirit   .   b - +1 scale mail
rPois   .          Reflect  .   (no helmet)
rElec   .          Harm     .   (no cloak)
rCorr   .          Rampage  .   (no gloves)
Will    .....                   (no barding)
Stlth   ..........              (no amulet)
HPRegen 0.17/turn               (no ring)
MPRegen 0.10/turn               (no ring)

@: lethally poisoned (-8 -> -44)
A: large, rugged brown scales 3, see invisible, deformed body, roll 1, armoured
tail
a: Rolling Charge


You were in an ossuary.
You visited 1 branch of the dungeon, and saw 4 of its levels.
You also visited: Ossuary.

You collected 97 gold pieces.

Inventory:

Hand Weapons
 a - a +1 war axe (weapon)
Missiles
 e - 34 poisoned darts
Armour
 b - a +1 scale mail (worn)
 c - a +0 buckler (worn)
Scrolls
 g - a scroll of immolation
 j - 2 scrolls of holy word
Potions
 d - 2 potions of might


   Skills:
 * Level 4.0 Fighting
 * Level 5.0 Axes
 * Level 3.5 Armour
 * Level 3.2 Shields


You had 5 spell levels left.
You didn't know any spells.
Your spell library contained the following spells:

 Spells                   Type           Power      Damage    Failure   Level
 Ensorcelled Hibernation  Hex/Ice        0%         N/A       86%         2
 Call Canine Familiar     Summ           0%         N/A       97%         3
 Portal Projectile        Hex/Tloc       0%         N/A       97%         3
 Tukima's Dance           Hex            0%         N/A       97%         3
 Leda's Liquefaction      Hex/Erth       0%         N/A       100%        4


Dungeon Overview and Level Annotations

Branches:
Dungeon (4/15)            Ossuary (1/1)
 Temple: D:4-7

Altars:
Elyvilon
Gozag
Sif Muna
Trog

Annotations:
D:4 Dowan, Duvessa


Innate Abilities, Weirdness & Mutations

You are completely covered in rugged brown scales. (AC +3, +7% HP)
You have supernaturally acute eyesight. (SInv)
Armour fits poorly on your strangely shaped body.
You can roll at nearby foes to attack.
You have a long armoured tail.


Message History

The scorpion is moderately wounded.
The scorpion stings you. The scorpion barely misses you.
You slash the scorpion!
The scorpion is severely wounded.
The scorpion stings you but does no damage.
You barely miss the scorpion.
The scorpion is severely wounded.
You block the scorpion's attack. x2
You barely miss the scorpion.
The scorpion is severely wounded.
The scorpion stings you.
You are poisoned.
The scorpion poisons you!
You hit the scorpion.
Your tail-slap misses the scorpion.
The scorpion is almost dead.
You feel very sick. The scorpion stings you.
You are more poisoned.
The scorpion poisons you! The scorpion stings you.
You closely miss the scorpion.
The scorpion is almost dead.
You feel very sick. The scorpion barely misses you.
You completely miss the scorpion.
The scorpion is almost dead.
You feel very sick. The scorpion stings you.
You are lethally poisoned!
The scorpion poisons you! The scorpion stings you!
You barely miss the scorpion.
Your tail-slap misses the scorpion.
The scorpion is almost dead.
* * * LOW HITPOINT WARNING * * *
You feel extremely sick. The scorpion stings you!
* * * LOW HITPOINT WARNING * * *
You are more poisoned.
The scorpion poisons you!
You slash the scorpion!
You kill the scorpion!
You die...

##### ####
#...# .#...
#.∩.# .8...
#.@.# ......
##'###8...8#
#...#.......
#.∩.'...8...
#...#...#...
#########


There were no monsters in sight!

Vanquished Creatures
  2 scorpions (Ossuary)
  2 centaur zombies (Ossuary)
  A hound (D:3)
  A jelly (D:4)
  A scorpion zombie (Ossuary)
  2 adders
  A worm (D:2)
  3 dart slugs
  3 orcs (D:4)
  4 ball pythons
  5 endoplasms
  A giant cockroach (D:2)
  8 hobgoblins
  8 jackals
  9 kobolds
  6 quokkas
  6 bats
  3 frilled lizards
  5 goblins
  6 rats
77 creatures vanquished.

Vanquished Creatures (collateral kills)
  An ogre (D:3)
1 creature vanquished.

Vanquished Creatures (others)
  9 fungi (D:3)
9 creatures vanquished.

Grand Total: 87 creatures vanquished

Notes
Turn   | Place    | Note
-------+----------+-------------------------------------------
     0 | D:1      | DrunkBamboolord the Palentonga Fighter began the quest for
                  | the Orb.
     0 | D:1      | Reached XP level 1. HP: 19/19 MP: 1/1
   126 | D:1      | Reached XP level 2. HP: 25/25 MP: 2/2
   487 | D:1      | Reached XP level 3. HP: 13/31 MP: 3/3
  1362 | D:2      | Found a bloodstained altar of Trog.
  1867 | D:2      | Reached skill level 3 in Axes
  1886 | D:2      | Reached XP level 4. HP: 37/37 MP: 4/4
  2101 | D:3      | Found an opulent altar of Gozag.
  2231 | D:3      | Noticed an ogre
  2239 | D:3      | Killed an ogre
  2240 | D:3      | Reached skill level 4 in Axes
  2240 | D:3      | Reached XP level 5. HP: 44/44 MP: 5/5
  2289 | D:3      | Found a white marble altar of Elyvilon.
  2383 | D:4      | Noticed Duvessa
  2383 | D:4      | Noticed Dowan
  2585 | D:4      | Found a shimmering blue altar of Sif Muna.
  2645 | D:4      | Found a sand-covered staircase.
  2654 | Ossuary  | Entered an ossuary
  2721 | Ossuary  | Reached XP level 6. HP: 19/51 MP: 6/6
  2739 | Ossuary  | Reached skill level 5 in Axes
  3011 | Ossuary  | HP: 1/51 [scorpion (8)]
  3012 | Ossuary  | Succumbed to a scorpion's poison

Illustrated notes

Levels and vault maps discovered:
D:1:      dpeg_arrival_erosion, layout_basic
D:2:      layout_basic, basic_altar
D:3:      layout_rooms, mainiacjoe_overflow_chevrons,
          mainiacjoe_overflow_cross_hatched
D:4:      layout_cave_pods, led_sif_pool, nicolae_ossuary_entry_ruins,
          uniq_duvessa
Ossuary:  ossuary_minmay_scorpions

Skill      XL: |  1  2  3  4  5  6 |
---------------+-------------------+-----
Axes           | 3 4 5 |  5.0
Armour         | 3 |  3.5
Shields        | 3 |  3.2
Fighting       | 4 |  4.0

Action                   |  1- 3 |  4- 6 || total
-------------------------+-------+-------++-------
Melee: War axe           |   115 |    65 ||   180
       Tailslap          |     9 |     7 ||    16
 Abil: Rolling Charge    |    36 |    13 ||    49
  Use: Scroll            |     1 |     8 ||     9
       Potion            |       |     1 ||     1
Armor: Scale mail        |    63 |    45 ||   108
Dodge: Dodged            |    44 |    24 ||    68
Block: Buckler           |    21 |    12 ||    33

Table legend: (Time is in decaauts)
 A = Elapsed time spent in this place.
 B = Non-inter-level travel time spent in this place.
 C = Inter-level travel time spent in this place.
 D = Time resting spent in this place.
 E = Time spent auto-exploring this place.
 F = Levels seen in this place.
 G = Mean time per level.
                   A        B        C        D        E       F      G
               +--------+--------+--------+--------+--------+-----+--------+
         Total |   3074 |   2891 |    183 |    457 |   1965 |   5 |  614.8 |
       Dungeon |   2708 |   2525 |    183 |    149 |   1965 |   4 |  677.0 |
       Ossuary |    365 |    365 |      0 |    308 |      0 |   1 |  365.0 |
               +--------+--------+--------+--------+--------+-----+--------+

Top non-repeatable levels by time:
     D:2: 1061 daAuts
     D:1: 970 daAuts
     D:3: 572 daAuts
 Ossuary: 365 daAuts
     D:4: 104 daAuts
